 Dungeon Crawl Stone Soup version 0.28-a0-1613-gdaab1c2f9b (webtiles) character file.

Game seed: 10291009988048161860

100 funkygono the Firebug (level 4, -7/24 HPs)
             Began as a Gargoyle Fire Elementalist on Jan 21, 2022.
             Killed from afar by Ijyb (15 damage)
             ... with an iceblast
             ... on level 3 of the Dungeon.
             The game lasted 00:04:19 (3116 turns).

funkygono the Firebug (Gargoyle Fire Elementalist)  Turns: 3116, Time: 00:04:19

Health: -7/24      AC:  7    Str: 12    XL:     4   Next: 74%
Magic:  6/9        EV: 11    Int: 20    God:
Gold:   154        SH:  0    Dex: 10    Spells: 3/9 levels left

rFire   . . .      SeeInvis .   c - +4 dagger of Ythruis Xulio {vorpal, rElec rPois rC+ Int+3}
rCold   + . .      Faith    .   (no shield)
rNeg    + . .      Spirit   .   b - +0 leather armour
rPois   ∞          Reflect  .   (no helmet)
rElec   +          Harm     .   (no cloak)
rCorr   .          Rampage  .   (no gloves)
Will    .....                   h - +0 pair of boots
Stlth   ++........              (no amulet)
HPRegen 0.08/turn               (no ring)
MPRegen 0.11/turn               (no ring)

@: no status effects
A: sickness immunity, AC +3, negative energy resistance 1, electricity
resistance, torment resistance 1, petrification resistance
a: no special abilities


You were on level 3 of the Dungeon.
You visited 1 branch of the dungeon, and saw 3 of its levels.

You collected 154 gold pieces.

Inventory:

Hand Weapons
 c - the +4 dagger of Ythruis Xulio (weapon) {vorpal, rElec rPois rC+ Int+3}
   (You found it on level 2 of the Dungeon)

   It inflicts extra damage upon your enemies.
   Int:       It affects your intelligence (+3).
   rC:        It protects you from cold.
   rElec:     It insulates you from electricity.
   rPois:     It protects you from poison.
 e - a +0 whip
Missiles
 d - 33 stones
Armour
 a - a +0 robe
 b - a +0 leather armour (worn)
 h - a +0 pair of boots (worn)
Jewellery
 k - an amulet of regeneration
Scrolls
 l - a scroll of identify
Potions
 f - a potion of curing
 g - a potion of heal wounds {unknown}
 i - a potion of haste {unknown}
 j - a potion of brilliance {unknown}


   Skills:
 + Level 0.6 Armour
 + Level 1.6 Dodging
 - Level 2.1 Stealth
 * Level 3.3 Spellcasting
 * Level 1.3 Conjurations
 * Level 4.1 Fire Magic


You had 3 spell levels left.
You knew the following spells:

 Your Spells              Type           Power      Damage    Failure   Level
a - Foxfire               Conj/Fire      56%        2x1d6     6%          1
b - Scorch                Fire           38%        2d7       4%          2
c - Conjure Flame         Conj/Fire      14%        6-21      17%         3

Your spell library contained the following spells:

 Spells                   Type           Power      Damage    Failure   Level
 Animate Skeleton         Necr           6%         N/A       17%         1
 Pain                     Necr           12%        1d4       17%         1
 Inner Flame              Hex/Fire       11%        N/A       22%         3
 Summon Guardian Golem    Hex/Summ       3%         N/A       45%         3
 Vampiric Draining        Necr           3%         2d6       45%         3
 Flame Wave               Conj/Fire      14%        2d6       50%         4
 Orb of Destruction       Conj           4%         9d5       100%        7
 Spellforged Servitor     Conj/Summ      3%         N/A       100%        7


Dungeon Overview and Level Annotations

Branches:
Dungeon (3/15)

Altars:
Hepliaklqana
Qazlal

Annotations:
D:3 Ijyb


Innate Abilities, Weirdness & Mutations

You are immune to sickness and miasma.
Your stone body is resilient. (AC +3)
You are immune to poison.
You resist negative energy. (rN+)
You are resistant to electric shocks. (rElec)
You are resistant to unholy torment.
You are immune to petrification.


Message History

You kill the adder!
Your foxfire dissipates!
Found a stormy altar of Qazlal and a hazy altar of Hepliaklqana.
There is an open door here.
Ijyb and a scorpion come into view.
Ijyb is wielding a +0 club, wearing a +2 chain mail of poison resistance and carrying a wand of iceblast (3).
Casting: Foxfire (safe; 6% risk of failure)
Confirm with . or Enter, or press ? or * to list all spells.
You conjure some foxfire!
Casting: Foxfire (safe; 6% risk of failure)
Confirm with . or Enter, or press ? or * to list all spells.
You conjure some foxfire!
The foxfire hits the scorpion.
The scorpion is lightly wounded.
Unknown command.
Your foxfire dissipates!
There is an open door here.
The foxfire hits Ijyb.
Ijyb is lightly wounded.
Ijyb zaps a wand.
The mass of ice explodes!
The iceblast engulfs you. You partially resist.
Casting: Foxfire (safe; 6% risk of failure)
Confirm with . or Enter, or press ? or * to list all spells.
You conjure some foxfire!
Casting: Foxfire (safe; 6% risk of failure)
Confirm with . or Enter, or press ? or * to list all spells.
You conjure some foxfire!
The foxfire hits Ijyb.
Ijyb is moderately wounded.
The foxfire hits Ijyb.
Ijyb is moderately wounded.
Unknown command.
Your foxfire dissipates!
The foxfire hits Ijyb but does no damage.
Ijyb is moderately wounded.
Ijyb zaps a wand.
The mass of ice explodes!
The iceblast engulfs you! You partially resist.
Ouch! That really hurt!
Ijyb zaps a wand.
The mass of ice explodes!
The iceblast engulfs you! You partially resist.
Ouch! That really hurt!
You die...

#.# #........ ##.# #.#
#.##..### # ##... #.# #.###.# #
#.#.... ##'## #.###.### #.....s
##...## #........ #.....§
##.....## #####.### #.....§
##.......## ##.###.#
#._8_.###...§....)####...##.###
#.......'g....@...'............
#.....###.s.......####...##.###
###..§ ##.......## ##.....#
....g ##.....## #.##### #.##...
##...## #.# # #### ##'## #.#
#.# #.# #.# #.# ..#


You could see Ijyb and a scorpion.

Vanquished Creatures
  Terence (D:3)
  2 adders (D:3)
  A worm (D:2)
  6 bats
  4 endoplasms
  5 goblins
  7 hobgoblins
  4 jackals (D:3)
  3 quokkas (D:1)
  5 ball pythons
  5 frilled lizards
  5 kobolds (D:1)
  3 rats (D:1)
51 creatures vanquished.

Vanquished Creatures (others)
  139 foxfires
139 creatures vanquished.

Grand Total: 190 creatures vanquished

Notes
Turn   | Place    | Note
-------+----------+-------------------------------------------
     0 | D:1      | funkygono the Gargoyle Fire Elementalist began the quest
                  | for the Orb.
     0 | D:1      | Reached XP level 1. HP: 10/10 MP: 3/3
   279 | D:1      | Reached XP level 2. HP: 15/15 MP: 1/5
   282 | D:1      | Learned a level 2 spell: Scorch
   964 | D:1      | Reached XP level 3. HP: 19/19 MP: 3/6
   968 | D:1      | Learned a level 3 spell: Conjure Flame
  1146 | D:1      | Found a faded altar of an unknown god.
  1654 | D:2      | Identified the +0 ring mail of Keaxto {-Cast rN+++ Str+6
                  | Int-4}
  1759 | D:2      | Identified the +4 dagger of Ythruis Xulio {vorpal, rElec
                  | rPois rC+ Int+3}
  2596 | D:3      | Noticed Terence
  2607 | D:3      | Killed Terence
  2608 | D:3      | Reached skill level 4 in Fire Magic
  2608 | D:3      | Reached XP level 4. HP: 3/24 MP: 1/8
  3101 | D:3      | Found a stormy altar of Qazlal.
  3101 | D:3      | Found a hazy altar of Hepliaklqana.
  3104 | D:3      | Noticed Ijyb
  3104 | D:3      | Noticed a scorpion
  3116 | D:3      | Killed from afar by Ijyb

Illustrated notes

Levels and vault maps discovered:
D:1:      mrwooster_arrival_statue_3, layout_loops_corners,
          shapermc_ecumenical_altar_totnotflames, minmay_misc_feat_secret_circle
D:2:      layout_basic
D:3:      layout_loops_corners, lemuel_round_altar, general_overflow_altar,
          chequers_temple_overflow_statue_of_worship,
          nicolae_elevator_lobby_plus, uniq_terence, uniq_ijyb, uniq_jessica

Skill      XL: |  1  2  3 |
---------------+----------+-----
Spellcasting   | 3 |  3.3
Fire Magic     | 4 |  4.1
Armour         | |  0.6
Dodging        | |  1.6
Stealth        | |  2.1
Conjurations   | |  1.3

Action                   |  1- 3 |  4- 6 || total
-------------------------+-------+-------++-------
Melee: Dagger            |     6 |       ||     6
 Cast: Foxfire           |    76 |     7 ||    83
       Scorch            |    12 |     2 ||    14
  Use: Scroll            |     3 |       ||     3
Armor: Leather armour    |    19 |       ||    19
Dodge: Dodged            |    30 |       ||    30

Table legend: (Time is in decaauts)
 A = Elapsed time spent in this place.
 B = Non-inter-level travel time spent in this place.
 C = Inter-level travel time spent in this place.
 D = Time resting spent in this place.
 E = Time spent auto-exploring this place.
 F = Levels seen in this place.
 G = Mean time per level.
                   A        B        C        D        E       F      G
               +--------+--------+--------+--------+--------+-----+--------+
         Total |   3114 |   3042 |     72 |      0 |   2628 |   3 | 1038.0 |
       Dungeon |   3114 |   3042 |     72 |      0 |   2628 |   3 | 1038.0 |
               +--------+--------+--------+--------+--------+-----+--------+

Top non-repeatable levels by time:
     D:1: 1600 daAuts
     D:2: 804 daAuts
     D:3: 709 daAuts
